 Dungeon Crawl Stone Soup version 0.29.1-13-g9f3cf754e1 (webtiles) character file.

Game seed: 16563972123168301564

85 Vulpanium the Chiller (level 4, -4/21 HPs)
             Began as a Spriggan Ice Elementalist on Jan 22, 2023.
             Was a Follower of Cheibriados.
             Slain by Sigmund
             ... wielding a +0 scythe
              (6 damage)
             ... on level 2 of the Dungeon.
             The game lasted 00:17:14 (2209 turns).

Vulpanium the Chiller (Spriggan Ice Elementalist)   Turns: 2209, Time: 00:17:17

Health: -4/21      AC:  2    Str: 10    XL:     4   Next: 25%
Magic:  3/10       EV: 18    Int: 20    God:    Cheibriados [*.....]
Gold:   160        SH:  0    Dex: 20    Spells: 9/10 levels left

rFire   . . .      SeeInvis +   m - +5 rapier of Truncation {flame, Str+4 Dex+3}
rCold   . . .      Faith    .   (no shield)
rNeg    . . .      Spirit   .   a - +0 robe
rPois   .          Reflect  .   (helmet restricted)
rElec   .          Harm     .   (no cloak)
rCorr   .          Rampage  .   (gloves unavailable)
Will    .....                   (boots unavailable)
Stlth   +++.......              (no amulet)
HPRegen 0.07/turn               o - ring of wizardry
MPRegen 0.12/turn               (no ring)

@: no status effects
A: very small, no large weapons, unfitting armour, see invisible, speed 3
a: Renounce Religion, Bend Time


You were on level 2 of the Dungeon.
You worshipped Cheibriados.
Cheibriados was aware of your devotion.
You visited 1 branch of the dungeon, and saw 2 of its levels.

You collected 160 gold pieces.

Inventory:

Hand Weapons
 d - a +0 club
 g - a +0 dagger of venom
 m - the +5 rapier of Truncation (weapon) {flame, Str+4 Dex+3}
   (You found it on level 2 of the Dungeon)

   It burns those it strikes, dealing additional fire damage.
   Str:       It affects your strength (+4).
   Dex:       It affects your dexterity (+3).
Missiles
 l - 3 poisoned darts
Armour
 a - a +0 robe (worn)
 p - the +3 buckler "Famaw" {+Blink Dex+4}
   (You found it on level 2 of the Dungeon)

   Dex:       It affects your dexterity (+4).
   +Blink:    It lets you blink.
Jewellery
 o - a ring of wizardry (left hand)
Scrolls
 e - a scroll of enchant armour {unknown}
 f - 2 scrolls of teleportation {unknown}
 h - a scroll of blinking {unknown}
 j - 2 scrolls of identify {unknown}
 k - a scroll of poison {unknown}
 r - a scroll of summoning {unknown}
Potions
 b - 2 potions of magic
 c - a potion of lignification {unknown}
 i - a potion of flight {unknown}
 n - a potion of mutation {unknown}
 q - a potion of haste {unknown}


   Skills:
 - Level 0.1 Fighting
 * Level 1.5 Short Blades
 + Level 3.4 Dodging
 + Level 3.6 Stealth
 + Level 3.6 Spellcasting
 + Level 3.7 Ice Magic
 * Level 0.6 Invocations


You had 9 spell levels left.
You knew the following spells:

 Your Spells              Type           Power      Damage    Failure   Level
a - Freeze                Ice            72%        1d9       1%          1

Your spell library contained the following spells:

 Spells                   Type           Power      Damage    Failure   Level
 Frozen Ramparts          Ice            36%        1d6       3%          3
 Ozocubu's Armour         Ice            18%        N/A       3%          3
 Hailstorm                Conj/Ice       11%        3d5       24%         4
 Corpse Rot               Necr/Pois/Air  3%         N/A       45%         4
 Dispel Undead            Necr           3%         3d7       45%         4
 Death Channel            Necr           1%         N/A       100%        6


Dungeon Overview and Level Annotations

Branches:
Dungeon (2/15)

Altars:
Cheibriados

Annotations:
D:2 Sigmund


Innate Abilities, Weirdness & Mutations

You are very small and have problems with some larger weapons.
You are too small for most types of armour.
You have supernaturally acute eyesight. (SInv)
You cover ground extremely quickly. (Speed+++)


Message History

The flow of time bends around you.
Cheibriados lowers the support of your attributes as your movement quickens.
Sigmund gestures at you while chanting. The puff of flame hits you!
Sigmund completely misses you.
Casting: Freeze (safe; 1% risk of failure)
Confirm with . or Enter, or press ? or * to list all spells.
Aiming: Freeze (safe; 1% risk of failure)
Press: ? - help, Shift-Dir - straight line, f - Sigmund
Aim: Sigmund, wielding a +0 scythe, wearing a +0 robe and carrying a wand of flame (13) (slightly transparent)
You freeze Sigmund.
Sigmund is lightly wounded.
Sigmund hits you with a +0 scythe.
* * * LOW HITPOINT WARNING * * *
You fail to use your ability.
Casting: Freeze (safe; 1% risk of failure)
Confirm with . or Enter, or press ? or * to list all spells.
Aiming: Freeze (safe; 1% risk of failure)
Press: ? - help, Shift-Dir - straight line, f/p - Sigmund
Aim: Sigmund, wielding a +0 scythe, wearing a +0 robe and carrying a wand of flame (13) (lightly wounded, slightly transparent)
You freeze Sigmund.
Sigmund is moderately wounded.
Sigmund misses you.
Casting: Freeze (safe; 1% risk of failure)
Confirm with . or Enter, or press ? or * to list all spells.
Aiming: Freeze (safe; 1% risk of failure)
Press: ? - help, Shift-Dir - straight line, f/p - Sigmund
Aim: Sigmund, wielding a +0 scythe, wearing a +0 robe and carrying a wand of flame (13) (moderately wounded, slightly transparent)
You freeze Sigmund.
Sigmund is heavily wounded.
Sigmund zaps a wand.
The puff of flame misses you.
Casting: Freeze (safe; 1% risk of failure)
Confirm with . or Enter, or press ? or * to list all spells.
Aiming: Freeze (safe; 1% risk of failure)
Press: ? - help, Shift-Dir - straight line, f/p - Sigmund
Aim: Sigmund, wielding a +0 scythe, wearing a +0 robe and carrying a wand of flame (12) (heavily wounded, slightly transparent)
You freeze Sigmund.
Sigmund is severely wounded.
Sigmund hits you with a +0 scythe.
You die...

#............##.#.
#.##########.##.#.
#.# #.##.#. #.#
#.##.#. #.#
#.##.#. #.#
##.##.<. #.#
#...##.. #@#
#....... #@####
#...##.. #....#
######.. ####.#
#.. #.# #.. #.#
###) #.# #... #.#
#.## #.# #.# #.#
#.#


You could see Sigmund (invisible).

Vanquished Creatures
  A gnoll (D:1)
  3 adders (D:2)
  7 ball pythons
  4 bats
  3 endoplasms
  3 giant cockroaches
  7 goblins
  5 hobgoblins
  2 jackals (D:1)
  3 kobolds
  2 quokkas (D:1)
  A frilled lizard (D:2)
  2 rats
43 creatures vanquished.

Notes
Turn   | Place    | Note
-------+----------+-------------------------------------------
     0 | D:1      | Vulpanium the Spriggan Ice Elementalist began the quest for
                  | the Orb.
     0 | D:1      | Reached XP level 1. HP: 9/9 MP: 5/5
   311 | D:1      | Reached XP level 2. HP: 13/13 MP: 5/7
   869 | D:1      | Reached XP level 3. HP: 16/16 MP: 8/8
  1072 | D:1      | Reached skill level 1 in Short Blades
  1239 | D:1      | Found a faded altar of an unknown god.
  1259 | D:1      | Prayed at the altar of an unknown god.
  1259 | D:1      | Became a worshipper of Cheibriados the Contemplative
  1259 | D:1      | Reached * piety under Cheibriados
  1551 | D:2      | Identified the +5 rapier of Truncation {flame, Str+4 Dex+3}
  1887 | D:2      | Reached XP level 4. HP: 21/21 MP: 8/10
  1921 | D:2      | Identified the +3 buckler "Famaw" {+Blink Dex+4}
  2201 | D:2      | Noticed Sigmund
  2209 | D:2      | Slain by Sigmund

Illustrated notes

Levels and vault maps discovered:
D:1:      reono_arrival_mine, layout_basic, serial_glass, glass_columns_a,
          glass_columns_c, glass_columns_a, glass_columns_a, glass_columns_c,
          dreamdust_ecumenical_altar_statues
D:2:      layout_loops_ring, uniq_sigmund

Skill      XL: |  1  2  3 |
---------------+----------+-----
Spellcasting   | 3 |  3.6
Dodging        | 3 |  3.4
Short Blades   | 1 |  1.5
Fighting       | |  0.1
Stealth        | |  3.6
Ice Magic      | |  3.7
Invocations    | |  0.6

Action                   |  1- 3 |  4- 6 || total
-------------------------+-------+-------++-------
Melee: Unarmed           |    22 |       ||    22
       Punch             |     1 |       ||     1
       Dagger            |    36 |       ||    36
       Club              |     5 |       ||     5
       Rapier            |     9 |     4 ||    13
 Cast: Freeze            |    28 |     4 ||    32
Invok: Bend Time         |       |     1 ||     1
 Stab: Sleeping          |     5 |     2 ||     7
Armor: Robe              |     7 |       ||     7
Dodge: Dodged            |    79 |     4 ||    83
